 Dungeon Crawl Stone Soup version 0.22-a0-441-gcf5b0c6 (webtiles) character file.

237 emperorscorpion the Conjurer (level 5, -5/39 HPs)
             Began as a Draconian Conjurer on May 30, 2018.
             Killed by nerve-wracking pain
             ... invoked by an orc priest
              (10 damage)
             ... on level 4 of the Dungeon.
             The game lasted 00:05:56 (4039 turns).

emperorscorpion the Conjurer (Draconian Conjurer)   Turns: 4039, Time: 00:05:57

Health: -5/39      AC:  7    Str: 10    XL:     5   Next: 77%
Magic:  9/9        EV: 15    Int: 16    God:
Gold:   76         SH:  0    Dex: 12    Spells: 2/10 levels left

rFire    . . .     SeeInvis .   f - +0 dagger
rCold    . . .     Gourm    .   (no shield)
rNeg     . . .     Faith    .   (armour unavailable)
rPois    .         Spirit   .   (helmet restricted)
rElec    .         Reflect  .   (no cloak)
rCorr    .         Harm     .   r - +1 pair of gloves
MR       .....                  (no boots)
Stlth    ++........             (no amulet)
HPRegen  0.13/turn              o - +2 ring of evasion
MPRegen  0.11/turn              (no ring)

@: slowed, very slow
A: unfitting armour, cold-blooded, AC +5
a: no special abilities


You were on level 4 of the Dungeon.
You were hungry.

You visited 1 branch of the dungeon, and saw 4 of its levels.

You collected 76 gold pieces.

Inventory:

Hand Weapons
 f - a +0 dagger (weapon)
Missiles
 c - 69 stones (quivered)
 j - 33 arrows
 l - 66 bolts
 n - 24 poisoned needles
Armour
 r - a +1 pair of gloves (worn)
Jewellery
 o - a +2 ring of evasion (left hand)
Scrolls
 a - a scroll of remove curse
 i - 2 scrolls of fog
 k - a scroll of identify
Potions
 d - a potion of might
 e - a potion of brilliance {unknown}
 g - a potion of curing {unknown}
 h - a potion of heal wounds {unknown}
 m - a potion of lignification {unknown}
 q - 2 potions of haste {unknown}
Comestibles
 b - 4 rations


   Skills:
 + Level 0.7 Fighting
 + Level 0.9 Short Blades
 + Level 2.8 Dodging
 + Level 2.1 Stealth
 + Level 3.3 Spellcasting
 + Level 5.5 Conjurations
 + Level 0.2 Hexes


You had 2 spell levels left.
You knew the following spells:

 Your Spells              Type           Power        Failure   Level  Hunger
a - Magic Dart            Conj           ###.         1%          1    None
b - Dazzling Spray        Conj/Hex       ##....       17%         3    ###....
c - Iskenderun's Mystic   Conj           ###.....     19%         4    ####...

Your spell library contained the following spells:

 Spells                   Type           Power        Failure   Level  Hunger
 Fulminant Prism          Conj/Hex       ##........   50%         4    ####...
 Force Lance              Conj/Tloc      ##......     52%         4    ####...
 Searing Ray              Conj           ###...       2%          2    ##.....


Dungeon Overview and Level Annotations

Branches:
Dungeon (4/15)
 Temple: D:4-7

Altars:
Ashenzari
Elyvilon
Sif Muna


Innate Abilities, Weirdness & Mutations

Your plain brown scales are hard. (AC +5)
You cannot fit into any form of body armour.
You are cold-blooded and may be slowed by cold attacks.


Message History

The orc wizard shouts!
The orc wizard gestures at you while chanting.
You feel yourself slow down.
An orc priest comes into view. It is wielding a short sword.
The orc priest shouts!
The orc wizard points at you and mumbles some strange words.
The magic dart hits you! The centaur skeleton hits you.
The orc hits you with a club.
The orc wizard points at you and mumbles some strange words.
You feel as though you will be slow longer.
The orc priest mumbles some strange prayers to Beogh against you.
Beogh smites you!
* * * LOW HITPOINT WARNING * * *
The centaur skeleton hits you.
* * * LOW HITPOINT WARNING * * *
The orc wizard gestures at you while chanting.
The magic dart hits you! The orc misses you.
The orc priest mumbles some strange prayers to Beogh against you.
Pain shoots through your body!
You die...

#.............##.......#
#.............#....###.#####
#......o..............!....o
#....l........###..###.####o
#...l...................# #.
######.Z#####..%.###...........
#........# #oo.............###
#......ol####oo..............
#.......oo.ZSZ@..o............
#........Z#####..........######
#.........# ##..####
#########.. #... ##.# ##... .#
.. .. . ##.


You could see an iguana, 2 orc priests, an orc wizard, an adder, 5 orcs, a
quokka skeleton, a bullfrog skeleton and a centaur skeleton.

Vanquished Creatures
  A bullfrog (D:4)
  A hound (D:3)
  2 bullfrog skeletons (D:4)
  2 adders (D:2)
  An ooze (D:2)
  An adder skeleton (D:3)
  A worm (D:3)
  3 leopard geckos
  2 orcs (D:4)
  2 ball pythons (D:2)
  4 giant cockroaches
  3 goblins
  2 hobgoblins
  6 jackals
  2 quokkas (D:2)
  6 bats
  3 frilled lizards
  6 kobolds
  A leopard gecko zombie (D:3)
  5 rats
54 creatures vanquished.

Vanquished Creatures (others)
  4 toadstools (D:1)
4 creatures vanquished.

Grand Total: 58 creatures vanquished

Notes
Turn   | Place    | Note
-------+----------+-------------------------------------------
     0 | D:1      | emperorscorpion the Draconian Conjurer began the quest for the Orb.
     0 | D:1      | Reached XP level 1. HP: 14/14 MP: 3/3
   348 | D:1      | Reached XP level 2. HP: 20/20 MP: 1/5
  1148 | D:2      | Reached XP level 3. HP: 26/26 MP: 1/6
  1153 | D:2      | Learned a level 3 spell: Dazzling Spray
  2625 | D:3      | Reached skill level 5 in Conjurations
  2895 | D:3      | Reached XP level 4. HP: 33/33 MP: 4/7
  3261 | D:3      | Found a shattered altar of Ashenzari.
  3504 | D:3      | Found a deep blue altar of Sif Muna.
  3504 | D:3      | Found a white marble altar of Elyvilon.
  3537 | D:3      | Learned a level 4 spell: Iskenderun's Mystic Blast
  3760 | D:4      | Noticed a bullfrog
  3767 | D:4      | Killed a bullfrog
  3767 | D:4      | Reached XP level 5. HP: 34/39 MP: 0/9
  4039 | D:4      | Killed from afar by an orc priest

Vault maps used:
D:1:      ldierk_walled_garden_2
D:2:      minmay_domino_4
D:3:      evilmike_ruin_ashenzari, gammafunk_temple_overflow_statue,
          serial_undead, serial_undead_e, serial_undead_d, serial_undead_f,
          serial_undead_a, minivault_14
D:4:      minmay_temple_entry_grid, first_ration

Skill      XL: |  1  2  3  4 |
---------------+-------------+-----
Dodging        | 2 |  2.8
Stealth        | 2 |  2.1
Conjurations   | 5 |  5.5
Spellcasting   | 3 |  3.3
Fighting       | |  0.7
Short Blades   | |  0.9
Hexes          | |  0.2

Action                   |  1- 3 |  4- 6 || total
-------------------------+-------+-------++-------
Melee: Unarmed           |     4 |       ||     4
       Dagger            |    35 |    40 ||    75
       Tailslap          |     2 |     5 ||     7
 Cast: Magic Dart        |    70 |    28 ||    98
       Dazzling Spray    |     4 |       ||     4
       Iskenderun's Myst |       |     3 ||     3
  Use: Scroll            |     4 |     1 ||     5
  Eat: Chunk             |     4 |     4 ||     8
       Ration            |     1 |       ||     1
Armor: Skin              |    19 |    23 ||    42
Dodge: Dodged            |    58 |    59 ||   117

Table legend:
 A = Spawn XP
 B = Non-spawn XP
 C = Spawn XP percentage of total XP
 D = Spawn monster count
 E = Non-spawn monster count
 F = Spawn count percentage of total count
 G = Total turns spent on level
                    A         B        C        D         E        F      G
               +---------+---------+-------+---------+---------+-------+---------
         Total |       0 |     339 |   0.0 |       0 |      54 |   0.0 |  4039
               +---------+---------+-------+---------+---------+-------+---------
           D:1 |       0 |      26 |   0.0 |       0 |      16 |   0.0 |  1230
           D:2 |       0 |      54 |   0.0 |       0 |      17 |   0.0 |  1350
           D:3 |       0 |      75 |   0.0 |       0 |      13 |   0.0 |  1029
           D:4 |       0 |     184 |   0.0 |       0 |       8 |   0.0 |   430
               +---------+---------+-------+---------+---------+-------+---------
